 Dungeon Crawl Stone Soup version 0.19-a0-1834-g6b7851e (webtiles) character file.

5896 hurricos the Cleaver (level 10, -3/67 HPs)
             Began as a Demonspawn Gladiator on Oct 9, 2016.
             Was a High Priest of Uskayaw.
             Slain by a killer bee (4 damage)
             ... on level 8 of the Dungeon.
             The game lasted 00:11:56 (9170 turns).

hurricos the Cleaver (Demonspawn Gladiator)         Turns: 9170, Time: 00:11:56

Health: -3/67      AC: 15    Str: 18    XL:     10   Next: 53%
Magic:  16/17      EV: 12    Int: 11    God:    Uskayaw [*****.]
Gold:   418        SH:  0    Dex: 15    Spells: 0 memorised, 9 levels left

rFire  . . .     SeeInvis .     a - +0 battleaxe
rCold  . . .     Gourm    .     x - +5 ring mail
rNeg   . . .     Faith    .     (shield currently unavailable)
rPois  +         Spirit   .     c - +0 helmet
rElec  .         Dismiss  .     v - +0 cloak
rCorr  .         Reflect  .     (no gloves)
MR     .....     Harm     .     (boots unavailable)
Stlth  +.........               (no amulet)
                                H - +5 ring of slaying
                                h - ring of poison resistance

@: lethally poisoned (-3 -> -3)
A: talons 3, yellow scales 2, clever 1, mutation resistance 1, powered by death
1, slow regeneration 1
a: Stomp, Line Pass, Grand Finale, Renounce Religion


You were on level 8 of the Dungeon.
You worshipped Uskayaw.
Uskayaw was aware of your devotion.
You were not hungry.

You visited 2 branches of the dungeon, and saw 9 of its levels.

You collected 418 gold pieces.

Inventory:

Hand Weapons
 a - a +0 battleaxe (weapon)
 b - a +1 short sword of venom
 y - a +0 war axe
Missiles
 F - a throwing net (quivered)
Armour
 c - a +0 helmet (worn)
 l - a +0 fire dragon armour
 v - a +0 cloak (worn)
 x - a +5 ring mail (worn)
Rods
 z - a -2 iron rod (14/14)
   (You found it on level 4 of the Dungeon)
Jewellery
 h - a ring of poison resistance (left hand)
 o - a +2 ring of strength
 s - an uncursed ring of fire
 t - an uncursed ring of fire
 C - an uncursed ring of magical power
 H - a +5 ring of slaying (right hand)
 L - an uncursed ring of resist corrosion
Wands
 d - a wand of flame (21/48)
 e - a wand of polymorph (16/24)
 i - a wand of flame (0/48)
 r - a wand of confusion (28/48)
Scrolls
 g - a scroll of random uselessness
 k - 2 scrolls of magic mapping
 m - a scroll of enchant armour
 p - 5 scrolls of identify
 A - 3 scrolls of fog
 B - a scroll of fear
 I - a scroll of remove curse
Potions
 f - 4 potions of cancellation
 j - 2 potions of flight
 q - 3 potions of curing
 w - a potion of heal wounds
 D - a potion of brilliance
 E - 2 potions of agility
Comestibles
 n - 7 royal jellies
 u - 4 meat rations
 G - 2 bread rations
 J - a beef jerky
 K - 4 chunks of flesh


   Skills:
 - Level 2.0 Fighting
 * Level 12.9 Axes
 - Level 1.7 Throwing
 - Level 2.6 Dodging
 + Level 9.3 Invocations


You had 9 spell levels left.
You didn't know any spells.

Dungeon Overview and Level Annotations

Branches:
Dungeon (8/15)             Temple (1/1) D:5
   Lair: D:8-11

Altars:
Ashenzari
Cheibriados
Dithmenos
Elyvilon
Fedhas
Gozag
Hepliaklqana
Kikubaaqudgha
Makhleb
Nemelex Xobeh
Okawaru
Qazlal
Ru
Sif Muna
Trog
Uskayaw
Vehumet
Xom
Yredelemnul
Zin
The Shining One

Shops:
D:7 *

Annotations:
D:4 exclusion: wizard
D:6 1 runed door, exclusions: 4 centaurs and 7 more exclusions


Innate Abilities, Weirdness & Mutations

You have claws for feet.
You are mostly covered in yellow scales. (AC +3)
You regenerate a little health from kills.
Your mind is acute. (Int +2)
You are somewhat resistant to further mutation.
You regenerate slowly when monsters are visible.


Message History

You closely miss the killer bee.
You feel sick. The killer bee barely misses you.
The shadow imp closely misses you.
The killer bee stings you but does no damage.
You slash the shadow imp!
You kill the shadow imp!
You miss the killer bee.
You feel sick.
The killer bee is no longer sharing its pain.
The killer bee stings you.
* * * LOW HITPOINT WARNING * * *
The killer bee stings you!
* * * LOW HITPOINT WARNING * * *
The killer bee stings you but does no damage. x2
You see here a killer bee corpse.
You hit the killer bee.
You claw the killer bee, but do no damage.
The killer bee is almost dead.
You feel sick. The killer bee stings you!
* * * LOW HITPOINT WARNING * * *
The killer bee stings you.
You die...

...####.# #.#
........####.#
.#.###.......# #.
#.####..# #. #.#
#..# #. #.#
#..####### #.#
#.###.# #.>.......
#....#))...#
#..#######
.....)y@####
#......... ##.####.#
#)######## #.. #)#
#....# .... #.#
#....# ..... #.#
#....) .......
#.####'### ........
#....†.#..
.........#########.#
#.#


You could see a killer bee.

Vanquished Creatures
  A queen bee (D:8)
  Grinder (D:3)
  5 yaks (D:6)
  A water moccasin (D:6)
  Duvessa (D:6)
  3 ice beasts
  An orc warrior (D:8)
  2 phantoms
  A necrophage (D:6)
  2 sky beasts
  3 ogres
  4 centaurs
  Blork the orc (D:4)
  3 bullfrogs
  Dowan (D:6)
  3 scorpions
  22 killer bees (D:8)
  3 wights (D:6)
  2 jellies
  2 howler monkeys
  3 crimson imps
  A bullfrog zombie (D:6)
  A quasit (D:5)
  8 hounds
  10 orc priests
  7 orc wizards
  A bullfrog skeleton (D:3)
  3 iguanas
  5 worker ants
  A hound zombie (D:6)
  Robin (D:3)
  A howler monkey zombie (D:6)
  9 adders
  4 shadow imps
  2 oozes
  An adder zombie (D:4)
  9 worms
  7 dart slugs
  4 leopard geckos
  34 orcs
  4 giant cockroaches
  12 goblins
  8 hobgoblins
  6 jackals
  4 quokkas
  3 ball pythons
  3 bats (D:1)
  4 frilled lizards
  4 kobolds
  A quokka skeleton (D:7)
  13 rats
236 creatures vanquished.

Vanquished Creatures (collateral kills)
  2 killer bees (D:8)
2 creatures vanquished.

Grand Total: 238 creatures vanquished

Notes
Turn   | Place    | Note
-------+----------+-------------------------------------------
     0 | D:1      | hurricos the Demonspawn Gladiator began the quest for the Orb.
     0 | D:1      | Reached XP level 1. HP: 16/16 MP: 1/1
    89 | D:1      | Reached skill level 3 in Axes
   116 | D:1      | Gained mutation: You regenerate a little health from kills. [demonic ancestry]
   116 | D:1      | Reached XP level 2. HP: 20/22 MP: 2/2
   707 | D:2      | Found a radiant altar of Vehumet.
   755 | D:2      | Gained mutation: You have sharp toenails. [demonic ancestry]
   755 | D:2      | Reached XP level 3. HP: 23/27 MP: 3/3
   872 | D:2      | Reached skill level 4 in Axes
  1008 | D:2      | Found a shimmering altar of Xom.
  1008 | D:2      | Found a shimmering altar of Xom.
  1031 | D:2      | Found a shimmering altar of Xom.
  1032 | D:2      | Found a shimmering altar of Xom.
  1032 | D:2      | Found a shimmering altar of Xom.
  1293 | D:3      | Gained mutation: You are partially covered in yellow scales. (AC +2) [demonic ancestry]
  1293 | D:3      | Reached XP level 4. HP: 33/33 MP: 4/4
  1786 | D:3      | Noticed Robin
  1802 | D:3      | Reached skill level 5 in Axes
  1816 | D:3      | Killed Robin
  1857 | D:3      | Reached XP level 5. HP: 25/38 MP: 5/5
  2055 | D:3      | Noticed Grinder
  2060 | D:3      | Paralysed by Grinder for 3 turns
  2080 | D:3      | Killed Grinder
  2080 | D:3      | Reached skill level 6 in Axes
  2080 | D:3      | Reached XP level 6. HP: 28/44 MP: 6/6
  2535 | D:4      | Reached skill level 7 in Axes
  2566 | D:4      | Noticed Blork the orc
  2578 | D:4      | Killed Blork the orc
  2578 | D:4      | Gained mutation: You have razor-sharp toenails. [demonic ancestry]
  2578 | D:4      | Reached XP level 7. HP: 33/50 MP: 7/7
  3121 | D:4      | Found an ancient bone altar of Kikubaaqudgha.
  3410 | D:4      | Gained mutation: You are frail. (-10% HP) [potion of mutation]
  3410 | D:4      | Gained mutation: You evolve. [potion of mutation]
  3666 | D:4      | Found a bloodstained altar of Trog.
  3667 | D:4      | Noticed a wizard
  3753 | D:4      | Reached skill level 8 in Axes
  3991 | D:4      | Found a shadowy altar of Dithmenos.
  4002 | D:4      | Found a blossoming altar of Fedhas.
  4007 | D:4      | Found a burning altar of Makhleb.
  4087 | D:5      | Entered Level 5 of the Dungeon
  4390 | D:5      | Found a staircase to the Ecumenical Temple.
  4466 | Temple   | Entered the Ecumenical Temple
  4518 | Temple   | Became a worshipper of Uskayaw the Reveler
  4604 | D:5      | Reached * piety under Uskayaw
  4606 | D:5      | Reached skill level 9 in Axes
  4606 | D:5      | Gained mutation: You are mostly covered in yellow scales. (AC +3) [demonic ancestry]
  4606 | D:5      | Reached XP level 8. HP: 44/50 MP: 8/8
  4606 | D:5      | Reached ** piety under Uskayaw
  5135 | D:6      | Reached skill level 1 in Invocations
  5429 | D:6      | Gained mutation: You are very frail. (-20% HP) [evolution]
  5869 | D:6      | Reached skill level 10 in Axes
  5890 | D:6      | Noticed Duvessa
  5942 | D:6      | Killed Duvessa
  6014 | D:6      | Noticed Dowan
  6201 | D:6      | Killed Dowan
  6258 | D:6      | Lost mutation: You are very frail. (-20% HP) [potion of cure mutation]
  6258 | D:6      | Lost mutation: You are frail. (-10% HP) [potion of cure mutation]
  6258 | D:6      | Lost mutation: You evolve. [potion of cure mutation]
  6373 | D:6      | Reached XP level 9. HP: 53/61 MP: 12/12
  6513 | D:6      | Reached *** piety under Uskayaw
  6514 | D:6      | Reached **** piety under Uskayaw
  6570 | D:6      | Reached skill level 5 in Invocations
  6761 | D:6      | Found a runed door.
  7090 | D:6      | Gained mutation: You have claws for feet. [mutagenic meat]
  7640 | D:6      | Reached skill level 11 in Axes
  8249 | D:7      | Found Ufumutin's General Store.
  8658 | D:8      | Reached skill level 12 in Axes
  8661 | D:8      | Mutation became permanent: You have claws for feet. [demonic ancestry]
  8661 | D:8      | Reached XP level 10. HP: 56/67 MP: 15/15
  8661 | D:8      | Reached ***** piety under Uskayaw
  8667 | D:8      | Reached ****** piety under Uskayaw
  8943 | D:8      | Gained mutation: You regenerate slowly when monsters are visible. [mutagenic meat]
  8951 | D:8      | Gained mutation: Your mind is acute. (Int +2) [mutagenic meat]
  8957 | D:8      | Gained mutation: You are somewhat resistant to further mutation. [mutagenic meat]
  9036 | D:8      | Found a burning altar of Makhleb.
  9170 | D:8      | HP: 1/67 [killer bee (7)]
  9170 | D:8      | Slain by a killer bee

Vault maps used:
D:1:      evilmike_arrival_hilbert_curve, minmay_misc_feat_room
D:2:      fiery_altar_vehumet, xom_redecorated
D:3:      first_bread, serial_park_tiny_1, columned_hall_lemuel,
          kennysheep_generic_room_7, uniq_robin, uniq_grinder
D:4:      minmay_overflow_temple_star_quad, old_standard_altar, trog_wizard,
          uniq_blork_the_orc
D:6:      st_stairs_3, centaur_isle, uniq_duvessa, uniq_crazy_yiuf_cottage
D:7:      serial_shops, shop
D:8:      basic_altar, david_nohive_1
Temple:   compressed_dpeg_circular_temple

Skill      XL: |  1  2  3  4  5  6  7  8  9 10 |
---------------+-------------------------------+-----
Axes           | 3 4 5 6 7 9 10 12 | 12.9
Invocations    | 4 7 9 |  9.3
Fighting       | |  2.0
Throwing       | |  1.7
Dodging        | |  2.6

Action                   |  1- 3 |  4- 6 |  7- 9 | 10-12 || total
-------------------------+-------+-------+-------+-------++-------
Melee: War axe           |    29 |   121 |       |       ||   150
       Short sword       |    74 |    31 |   103 |       ||   208
       Kick              |    18 |    46 |   115 |    26 ||   205
       Battleaxe         |       |       |   284 |    96 ||   380
Throw: Throwing net      |       |     2 |     4 |       ||     6
Evoke: Wand              |       |       |    37 |       ||    37
  Use: Potion            |     3 |       |     8 |     3 ||    14
       Scroll            |       |       |    19 |     1 ||    20
 Stab: Held in net/web   |       |     1 |     1 |       ||     2
       Paralysed         |       |       |     9 |     8 ||    17
  Eat: Bread ration      |     1 |     1 |     1 |       ||     3
       Chunk             |       |       |     4 |     7 ||    11
       Beef jerky        |       |       |     3 |       ||     3
       Meat ration       |       |       |     1 |       ||     1
Armor: Ring mail         |    44 |    35 |   243 |    79 ||   401
       Skin              |    11 |       |       |       ||    11
       Animal skin       |       |    15 |       |       ||    15
Dodge: Dodged            |    57 |   105 |   301 |    79 ||   542
